 Dungeon Crawl Stone Soup version bcrawl-1.13.1 (webtiles) character file.

Game seed: 5212444959136981936

99 Flugkiller the Poker (level 4, 0/29 HPs)
             Began as a Skeleton Reaver on Aug 3, 2019.
             Was a Follower of Vehumet.
             Killed from afar by an orc wizard (3 damage)
             ... with a magic dart
             ... on level 3 of the Dungeon.
             The game lasted 00:02:10 (1838 turns).

Flugkiller the Poker (Skeleton Reaver)              Turns: 1838, Time: 00:02:10

Health: 0/29       AC:  7    Str: 16 (18) XL:     4   Next: 45%
Magic:  0/8        EV: 12    Int: 12 (13) God:    Vehumet [*.....]
Gold:   81         SH:  0    Dex:  7      Spells: 8/9 levels left

rFire    + . .     SeeInvis +   i - +3 spear (freeze)
rCold    + + .     Gourm    .   (no shield)
rNeg     + + +     Faith    .   b - +0 steam dragon scales
rPois    ∞         Spirit   +   j - +1 hat
rElec    .         Reflect  .   e - scarf {rC+ rF+}
rCorr    .         Harm     .   (no gloves)
MR       .....                  f - +0 pair of boots (curse)
Stlth    +.........             (no amulet)
HPRegen  0.09/turn              d - ring of see invisible
MPRegen  0.11/turn              (no ring)

@: very slightly contaminated
A: no food or potions, cold resistance 1, deterioration 1, negative energy
resistance 3, torment resistance, unbreathing, magic shield, sturdy frame 1,
spell healing
a: Renounce Religion


You were on level 3 of the Dungeon.
You worshipped Vehumet.
Vehumet was aware of your devotion.
You were not hungry.

You visited 1 branch of the dungeon, and saw 3 of its levels.

You collected 81 gold pieces.

Inventory:

Hand Weapons
 a - a +0 trident
 i - a +3 spear of freezing (weapon)
Missiles
 h - a throwing net (quivered) {!f}
Armour
 b - +0 steam dragon scales (worn)
 e - a scarf of resistance (worn)
 f - a cursed +0 pair of boots (worn)
 j - a +1 hat (worn)
Jewellery
 d - a ring of see invisible (left hand)
Scrolls
 c - a scroll of immolation
 k - a scroll of identify
 l - 2 scrolls of remove curse


   Skills:
 + Level 4.1 Fighting
 + Level 4.9 Polearms
 - Level 3.0 Dodging
 - Level 3.0 Spellcasting
 + Level 1.8 Conjurations


You had 8 spell levels left.
You knew the following spells:

 Your Spells              Type           Power        Failure   Level  Hunger
a - Shock                 Conj/Air       #....        17%         1    N/A

Your spell library contained the following spells:

 Spells                   Type           Power        Failure   Level  Hunger
 Iskenderun's Battlesphe  Conj/Chrm      #.......     99%         5    N/A

Dungeon Overview and Level Annotations

Branches:
Dungeon (3/12)

Altars:
Lugonu


Innate Abilities, Weirdness & Mutations

You do not eat or drink.
You are immune to poison.
Your flesh is cold resistant. (rC+)
Your body sometimes deteriorates upon taking damage.
You are immune to negative energy. (rN+++)
You are immune to unholy pain and torment.
You can survive without breathing.
When hurt, damage is shared between your health and your magic reserves.
Your movements are slightly less encumbered by armour. (ER -2)
Casting spells heals you.


Message History

Unknown command.
As you read the scroll labeled AHOVUE ACWIS, it crumbles to dust.
You assume a fearsome visage.
The orc looks frightened!
The orc wizard looks frightened!
The orc looks frightened!
The orc priest looks frightened!
The orc looks frightened!
It was a scroll of fear.
Cornered, the orc wizard turns to fight!
Unknown command.
Unknown command.
The orc priest calls down the wrath of Beogh upon you.
Beogh smites you!
* * * LOW HITPOINT WARNING * * *
A leopard gecko comes into view.
The orc wizard hits you but does no damage.
Unknown command.
The orc wizard hits you but does no damage.
Found 199 stones.
The orc wizard points at you and mumbles some strange words.
The magic dart hits you!
You die...

.# (# .. # . .. .#
#. .##...### .# ..
##.#
o....)..###.##....
#.#.# #o#
#.#...........
............. #@#
#.#.#.#.#.#.## #.#
.............# #o#
#.#.#.#.#.#.####.#
.....r.<.o.(..##.#
#.#.#.#.#.#.#$##.#
.......o...##l#
#.#.#.#.#o#.##.#
..........†.o##)#


You could see an orc wizard (invisible) and a leopard gecko.

Vanquished Creatures
  4 gnolls (D:2)
  An ooze (D:1)
  A worm (D:2)
  3 dart slugs
  3 leopard geckos (D:1)
  3 orcs (D:3)
  A ball python (D:2)
  2 giant cockroaches (D:1)
  9 goblins
  4 hobgoblins
  4 kobolds
  A quokka (D:3)
  2 bats (D:1)
  2 frilled lizards (D:2)
  A rat (D:3)
41 creatures vanquished.

Notes
Turn   | Place    | Note
-------+----------+-------------------------------------------
     0 | D:1      | Flugkiller the Skeleton Reaver began the quest for the Orb.
     0 | D:1      | Reached XP level 1. HP: 14/14 MP: 4/4
   237 | D:1      | Reached XP level 2. HP: 15/19 MP: 4/6
   679 | D:1      | Reached XP level 3. HP: 19/23 MP: 5/7
   846 | D:2      | Reached * piety under Vehumet
   846 | D:2      | Offered knowledge of Shock by Vehumet.
   860 | D:1      | Learned a level 1 spell: Shock
  1301 | D:2      | Reached skill level 1 in Conjurations
  1322 | D:2      | Reached XP level 4. HP: 28/29 MP: 2/8
  1580 | D:2      | Found a corrupted altar of Lugonu.
  1838 | D:3      | Killed from afar by an orc wizard

Skill      XL: |  1  2  3  4 |
---------------+-------------+-----
Polearms       | 4 |  4.9
Conjurations   | 1 |  1.8
Fighting       | 4 |  4.1
Dodging        | |  3.0
Spellcasting   | |  3.0

Action                   |  1- 3 |  4- 6 || total
-------------------------+-------+-------++-------
Melee: Trident           |    86 |       ||    86
       Spear             |     8 |    37 ||    45
 Cast: Shock             |    18 |     6 ||    24
  Use: Scroll            |       |     3 ||     3
Armor: Steam dragon scal |    21 |    15 ||    36
Dodge: Dodged            |    56 |    17 ||    73
